 Dungeon Sprint DCSS version 0.23-a0-860-g8ff03fb (webtiles) character file.

44 gruber the Twirler (level 3, -5/31 HPs)
             Began as a Minotaur Gladiator on Jan 27, 2019.
             Splashed by a jelly's acid (6 damage)
             ... in the Dungeon (Sprint IX: "|||||||||||||||||||||||||||||").
             The game lasted 00:00:26 (222 turns).

gruber the Twirler (Minotaur Gladiator)              Turns: 222, Time: 00:00:28

Health: -5/31      AC:  0    Str: 19    XL:     3   Next: 39%
Magic:  2/2        EV: 13    Int:  5    God:
Gold:   0          SH:  0    Dex: 11    Spells: 2/2 levels left

rFire    . . .     SeeInvis .   a - +0 quarterstaff
rCold    . . .     Gourm    .   (shield currently unavailable)
rNeg     . . .     Faith    .   b - +0 leather armour
rPois    .         Spirit   .   c - +0 hat
rElec    .         Reflect  .   (no cloak)
rCorr    .         Harm     .   (no gloves)
MR       .....     NoTele   +   (no boots)
Stlth    +.........             (no amulet)
HPRegen  0.10/turn              (no ring)
MPRegen  0.08/turn              (no ring)

@: corroded
A: retaliatory headbutt, horns 2
a: no special abilities


You were in the Dungeon.
You were not hungry.

You visited 1 branch

Inventory:

Hand Weapons
 a - a +0 quarterstaff (weapon)
Missiles
 d - 3 throwing nets (quivered)
Armour
 b - a +0 leather armour (worn)
 c - a +0 hat (worn)
Scrolls
 k - a scroll of blinking
Potions
 e - a potion of curing
 g - a potion of heal wounds
 h - a potion of haste
 i - 2 potions of magic
 j - a potion of berserk rage
Comestibles
 f - a ration


   Skills:
 + Level 3.3 Fighting
 * Level 6.8 Staves
 + Level 2.5 Throwing
 * Level 2.7 Armour
 + Level 4.6 Dodging


You had 2 spell levels left.
You didn't know any spells.
Your spell library was empty.

Dungeon Overview and Level Annotations

Branches:
Dungeon (1/1)

Altars:


Innate Abilities, Weirdness & Mutations

You reflexively headbutt those who attack you in melee.
You have a pair of horns on your head.


Message History

You destroy the leopard gecko zombie!
You hit the quokka but do no damage. The quokka bites you.
You hit the quokka. Your headbutt misses the quokka.
The quokka is severely wounded.
The quokka bites you.
* * * LOW HITPOINT WARNING * * *
You hit the quokka. You headbutt the quokka.
You kill the quokka!
You hit the jelly but do no damage.
Your hands burn!
* * * LOW HITPOINT WARNING * * *
You headbutt the jelly.
The jelly is moderately wounded.
The jelly hits you but does no damage.
You hit the jelly. The acid corrodes you!
Your hands burn!
* * * LOW HITPOINT WARNING * * *
The jelly is heavily wounded.
The jelly hits you.
* * * LOW HITPOINT WARNING * * *
You are splashed with acid.
You die... ▓▓▓▓▓▓▓▓▓▓▓▓▓▓▓▓▓▓ +....hJ@....)...<▓ ▓▓▓▓▓▓▓▓▓▓▓▓▓▓▓▓▓▓

You could see a jelly and a jackal.

Vanquished Creatures
  A crimson imp (D)
  A leopard gecko (D)
  A hobgoblin (D)
  A jackal (D)
  A quokka (D)
  2 goblins (D)
  A leopard gecko zombie (D)
8 creatures vanquished.

Vanquished Creatures (others)
  A spatial maelstrom (D)
1 creature vanquished.

Grand Total: 9 creatures vanquished

Notes
Turn   | Place    | Note
-------+----------+-------------------------------------------
     0 | D        | gruber the Minotaur Gladiator began the quest for the Orb.
     0 | D        | Reached XP level 1. HP: 18/18 MP: 0/0
     0 | D        | Banished a spatial maelstrom
     4 | D        | Reached skill level 4 in Staves
     9 | D        | Reached skill level 1 in Armour
   206 | D        | Noticed a jelly
   206 | D        | Noticed a crimson imp
   215 | D        | Killed a crimson imp
   215 | D        | Reached skill level 6 in Staves
   215 | D        | Reached XP level 2. HP: 13/26 MP: 1/1
   215 | D        | Reached XP level 3. HP: 15/31 MP: 2/2
   222 | D        | HP: 1/31 [jelly (3)]
   222 | D        | Splashed by a jelly's acid

Vault maps used:
D:        linesprint

Skill      XL: |  1 |
---------------+----+-----
Staves         | 6 |  6.8
Armour         | 2 |  2.7
Fighting       | 3 |  3.3
Dodging        | 4 |  4.6
Throwing       | |  2.5

Action                   || total
-------------------------++-------
Melee: Quarterstaff      ||    24
       Headbutt          ||     4
Armor: Leather armour    ||     2
Dodge: Dodged            ||     6

Table legend:
 A = Non-vault XP
 B = Vault XP
 C = Vault XP percentage of total XP
 D = Non-vault monster count
 E = Vault monster count
 F = Vault count percentage of total count
                 A         B        C        D         E       F
            +---------+---------+-------+---------+---------+-------
      Total |       0 |      63 | 100.0 |       0 |       8 | 100.0
            +---------+---------+-------+---------+---------+-------
          D |       0 |      63 | 100.0 |       0 |       8 | 100.0
            +---------+---------+-------+---------+---------+-------
